 Dungeon Crawl Stone Soup version 0.16-a0-286-g6bac339 (webtiles) character file.

149 Kashira the Gusty (level 5, -1/28 HPs)
             Began as a Tengu Air Elementalist on Aug 28, 2014.
             Killed from afar by Blork the orc (10 damage)
             ... with a puff of flame
             ... on Level 4 of the Dungeon.
             The game lasted 00:21:37 (2612 turns).

Kashira the Gusty (Tengu Air Elementalist)          Turns: 2612, Time: 00:21:37

HP  -1/28        AC  4     Str  9      XL: 5   Next: 31%
MP   7/13        EV 13     Int 20      God:
Gold 162         SH  0     Dex 15      Spells:  5 memorised,  2 levels left

rFire  . . .     SeeInvis .     f - +0 spear (pierce)
rCold  . . .     Clarity  .     a - +0 robe
rNeg   . . .     rCorr    .     (no shield)
rPois  .         rRot     .     (helmet restricted)
rElec  .         Spirit   .     (no cloak)
SustAb .         Warding  .     (no gloves)
rMut   .         Stasis   .     (boots unavailable)
Gourm  .                        (no amulet)
MR     +....                    m - +3 ring of intelligence
                                e - ring of protection from magic

@: somewhat resistant to hostile enchantments, unstealthy
A: able to fly, beak, talons 3, slimy green scales 1, clever 1
a: Fly


You were on level 4 of the Dungeon.
You were not hungry.

You visited 1 branch of the dungeon, and saw 4 of its levels.

You collected 162 gold pieces.

Inventory:

Hand weapons
 f - a +0 spear of piercing (weapon)
 n - a cursed -2 hunting sling
Missiles
 d - 15 stones (quivered)
 h - 29 poisoned needles
 k - 8 curare-tipped needles
Armour
 a - a +0 robe (worn)
Comestibles
 c - 4 bread rations
 g - 2 meat rations
 l - 8 fruits
 p - 2 beef jerkies
 r - a rotting chunk of rat flesh
 t - 2 rotting chunks of quokka flesh
 w - 2 chunks of orc flesh
 x - a slice of pizza
 z - a chunk of rat flesh
Scrolls
 i - 2 scrolls of identify {unknown}
 j - a scroll of fear {unknown}
 v - a scroll of teleportation {unknown}
Jewellery
 e - a ring of protection from magic (left hand)
 m - a +3 ring of intelligence (right hand)
Potions
 o - 2 potions of restore abilities {unknown}
 u - 2 potions of heal wounds {unknown}
Books
 b - a book of Air

   Spells                             Type                      Level
   *Shock                             Conjuration/Air              1
   *Swiftness                         Charms/Air                   2
   Repel Missiles                     Charms/Air                   2
   Flight                             Charms/Air                   3
   Static Discharge                   Conjuration/Air              3
   Lightning Bolt                     Conjuration/Air              5
 q - a book of Necromancy

   Spells                             Type                      Level
   *Pain                              Necromancy                   1
   *Animate Skeleton                  Necromancy                   1
   Vampiric Draining                  Necromancy                   3
   *Regeneration                      Charms/Necromancy            3
   Animate Dead                       Necromancy                   4
   Control Undead                     Necromancy                   4


   Skills:
 + Level 0.2 Polearms
 + Level 2.5 Dodging
 + Level 2.1 Stealth
 + Level 3.3 Spellcasting
 + Level 3.1 Conjurations
 + Level 0.2 Necromancy
 + Level 5.4 Air Magic


You had 2 spell levels left.
You knew the following spells:

 Your Spells              Type           Power        Failure   Level  Hunger
a - Shock                 Conj/Air       ###.         2%          1    None
b - Swiftness             Chrm/Air       ##......     10%         2    ##.....
c - Animate Skeleton      Necr           N/A          14%         1    None
d - Pain                  Necr           #...         14%         1    None
e - Regeneration          Chrm/Necr      #.........   47%         3    ###....


Dungeon Overview and Level Annotations

Branches:
Dungeon (4/15)
 Temple: D:4-7

Altars:
Dithmenos

Shops:
D:4 :

Annotations:
D:2 Sigmund
D:4 Blork the orc, Prince Ribbit


Innate Abilities, Weirdness & Mutations

You can fly.
You have a beak for a mouth.
You have claws for feet.
You are partially covered in slimy green scales (AC +2).
Your mind is acute. (Int +2)


Message History

Blork the orc points at you and mumbles some strange words.
The puff of flame hits you!
Your rat skeleton barely misses Blork the orc.
Blork the orc gestures at you while chanting.
The puff of frost hits you! Blork the orc casts a spell at you.
The magic dart hits you!
* * * LOW HITPOINT WARNING * * *
There is an open door here.
Blork the orc casts a spell at you. The puff of frost hits you!
* * * LOW HITPOINT WARNING * * *
Your rat skeleton bites Blork the orc.
A worker ant comes into view.
A bat comes into view.
Drink which item? (? for menu, Esc to quit)
You feel better. The bat closely misses you. The bat barely misses you.
Blork the orc casts a spell at you. The puff of flame hits you!
You die...

...)# #.##### ##'## ##Z##
#.#...# ##.).## #)#
#.#...#####...).## ##.#
#.......##.......##
...#######.......#.........#
.............o..o'Z..<.....+
###########....###.(.......#
# #.......##.......##
#.##.##@###.....## ...
#.##b# ##...## .... #.##.#
##+## ... ..##.# . ####.#
..a #.# ..# #..


You could see Blork the orc, a worker ant (sleeping) and a bat.

Vanquished Creatures
  An orc wizard (D:4)
  4 adders
  3 worms (D:2)
  An ooze (D:2)
  6 orcs
  3 ball pythons
  3 giant cockroaches
  5 hobgoblins
  4 jackals
  7 kobolds
  2 quokkas
  6 bats
  4 giant newts
  8 goblins
  A hobgoblin skeleton (D:4)
  6 rats
64 creatures vanquished.

Vanquished Creatures (others)
  A kobold skeleton (D:4)
  An orc skeleton (D:4)
2 creatures vanquished.

Grand Total: 66 creatures vanquished

Notes
Turn   | Place    | Note
--------------------------------------------------------------
     0 | D:1      | Kashira, the Tengu Air Elementalist, began the quest for the Orb.
     0 | D:1      | Reached XP level 1. HP: 10/10 MP: 3/3
   189 | D:1      | Reached XP level 2. HP: 15/15 MP: 0/5
   887 | D:2      | Reached XP level 3. HP: 17/19 MP: 1/7
  1318 | D:2      | Gained mutation: Your mind is acute. (Int +2) [potion of mutation]
  1318 | D:2      | Gained mutation: You are partially covered in slimy green scales (AC +2). [potion of mutation]
  1386 | D:2      | Noticed Sigmund
  1659 | D:2      | Reached XP level 4. HP: 24/24 MP: 6/9
  1698 | D:2      | Reached skill level 5 in Air Magic
  2226 | D:3      | Learned a level 2 spell: Swiftness
  2228 | D:3      | Learned a level 1 spell: Animate Skeleton
  2230 | D:3      | Learned a level 1 spell: Pain
  2234 | D:3      | Learned a level 3 spell: Regeneration
  2382 | D:4      | Found Fyero's Book Emporium.
  2406 | D:4      | Reached XP level 5. HP: 28/28 MP: 10/13
  2456 | D:4      | Noticed Prince Ribbit
  2457 | D:4      | Found a shadowy altar of Dithmenos.
  2590 | D:4      | Noticed Blork the orc
  2612 | D:4      | Killed from afar by Blork the orc

Action                   |  1- 3 |  4- 6 || total
-------------------------+-------+-------++-------
Melee: Spear             |    11 |    13 ||    24
 Cast: Shock             |    83 |    65 ||   148
       Animate Skeleton  |       |     5 ||     5
  Use: Scroll            |     1 |     1 ||     2
       Potion            |     2 |     1 ||     3
  Eat: Chunk             |     2 |     4 ||     6
